 Dungeon Crawl Stone Soup version 0.31.0 (webtiles) character file.

Game seed: 1700768071870233655

12710 olmar the Grappler (level 11, -2/117 HPs)
             Began as a Demonspawn Shapeshifter on Jan 19, 2024.
             Was a Believer of Makhleb.
             Slain by a slime creature (14 damage)
             ... on level 12 of the Dungeon.
             The game lasted 00:17:17 (11005 turns).

olmar the Grappler (Demonspawn Shapeshifter)       Turns: 11005, Time: 00:17:17

Health: -2/117     AC: 25    Str: 18    XL:     11   Next: 66%
Magic:  11/11      EV:  2    Int: 11    God:    Makhleb [**....]
Gold:   1110       SH:  5    Dex: 10    Spells: 10/10 levels left

rFire   + +          .
                       - Unarmed
rCold   . . .        (no shield)
rNeg    . . .        r - melded +0 leather armour {Will+}
rPois   +            (helmet currently unavailable)
rElec   .            (cloak currently unavailable)
rCorr   .            (gloves currently unavailable)
SInv    .            (boots unavailable)
Will    .....        s - amulet of the Tortured God {Reflect ^Contam rF++ Regen+ Dex-3 SH+5}
Stlth   +            (no ring)
HPRegen 1.19/turn    (no ring)
MPRegen 0.12/turn

%: reflection
@: tree-form, attractive, invisible
A: stationary, stasis, torment immunity, boosted hp, (hooves 3), repulsion field
2, powered by pain 2, (spiny 1)
a: Renounce Religion, Minor Destruction


You were on level 12 of the Dungeon.
You worshipped Makhleb.
Makhleb was pleased with you.
You were a tree.
You visited 2 branches of the dungeon, and saw 13 of its levels.

You collected 1110 gold pieces.

Inventory:

Missiles
 k - 18 poisoned darts
 q - 7 curare-tipped darts
 H - 6 javelins
Armour
 r - a +0 leather armour of willpower (melded)
 w - a +2 leather armour of fire resistance
 C - a scarf of invisibility
 N - +0 acid dragon scales
Jewellery
 o - an amulet of faith
 s - the amulet of the Tortured God (around neck) {Reflect ^Contam rF++ Regen+ Dex-3 SH+5}
   (You found it on level 6 of the Dungeon)

   [amulet of reflection]

   Reflect:   It reflects blocked missile attacks.
   Dex-3:     It affects your dexterity (-3).
   rF++:      It greatly protects you from fire.
   ^Contam:   It causes magical contamination when unequipped.
   Regen+:    It increases your rate of health regeneration.
   SH+5:      It affects your SH (+5).
 z - an amulet of the acrobat
 E - a ring of protection from cold
Talismans
 c - a beast talisman
 d - a flux talisman
 n - a blade talisman
 y - a serpent talisman
Wands
 h - a wand of flame (42) (quivered)
 x - a wand of paralysis (8)
 J - a wand of roots (6)
Scrolls
 a - a scroll of torment {unknown}
 e - 6 scrolls of teleportation
 i - 2 scrolls of fear
 l - 4 scrolls of poison {unknown}
 m - a scroll of blinking {unknown}
 p - 2 scrolls of revelation
 u - 6 scrolls of vulnerability
 B - a scroll of enchant weapon {unknown}
 G - a scroll of noise {unknown}
 K - a scroll of immolation {unknown}
 L - 3 scrolls of identify
 M - a scroll of brand weapon {unknown}
Potions
 b - a potion of lignification
 g - 2 potions of degeneration
 j - 5 potions of brilliance
 t - a potion of magic {unknown}
 v - a potion of attraction
 A - a potion of mutation {unknown}
 D - a potion of invisibility
 F - a potion of resistance {unknown}
 I - a potion of heal wounds {unknown}


   Skills:
 + Level 4.7 Fighting
 - Level 1.0 Armour
 + Level 6.9 Dodging
 - Level 0.1 Shields
 + Level 14.0 Unarmed Combat
 + Level 6.5 Shapeshifting


You had 10 spell levels left.
You didn't know any spells.
Your spell library contained the following spells:

 Spells                   Type           Power      Damage    Failure   Level
 Call Canine Familiar     Summ           0%         N/A       71%         3
 Dazzling Flash           Conj/Hex       0%         N/A       71%         3
 Mephitic Cloud           Conj/Alch/Air  0%         N/A       71%         3
 Sigil of Binding         Hex            0%         N/A       71%         3
 Tukima's Dance           Hex            0%         N/A       71%         3
 Volatile Blastmotes      Fire/Tloc      0%         2d10      71%         3
 Airstrike                Air            0%         2d(0-16)  98%         4
 Dimensional Bullseye     Hex/Tloc       0%         N/A       98%         4
 Fulminant Prism          Conj/Alch      0%         3d5       98%         4
 Iskenderun's Mystic Bla  Conj/Tloc      0%         2d3       98%         4
 Passage of Golubria      Tloc           0%         N/A       98%         4
 Summon Lightning Spire   Summ/Air       0%         N/A       98%         4
 Vhi's Electric Charge    Tloc/Air       0%         N/A       98%         4
 Arcjolt                  Conj/Air       0%         1d10      100%        5
 Curse of Agony           Necr           0%         N/A       100%        5
 Silence                  Hex/Air        0%         N/A       100%        5
 Yara's Violent Unravell  Hex/Alch       0%         3d3       100%        5
 Plasma Beam              Fire/Air       0%         2x1d10    100%        6
 Maxwell's Capacitive Co  Air            0%         ∞         100%        8


Dungeon Overview and Level Annotations

Branches:
Dungeon (12/15)            Temple (1/1) D:6            Lair (0/5) D:11
    Orc (0/2) D:11

Altars:
Ashenzari
Cheibriados
Dithmenos
Fedhas
Gozag
Hepliaklqana
Kikubaaqudgha
Makhleb
Nemelex Xobeh
Okawaru
Qazlal
Ru
Sif Muna
Trog
Uskayaw
Vehumet
Wu Jian
Xom
Yredelemnul

Shops:
D:8 :


Innate Abilities, Weirdness & Mutations

You are a tree.
Your roots penetrate the ground, keeping you stationary.
You cannot be teleported.
You are immune to unholy pain and torment.
Your maximum health is greatly increased.
Your equipment is partially melded.
((You have hooves in place of feet.))
You are surrounded by a moderate repulsion field. (EV +3)
You sometimes gain power by taking damage.
((You are partially covered in sharp spines.))


Message History

You kill the slime creature!
Makhleb accepts your kill. The slime creature hits you!
* * * LOW HITPOINT WARNING * * *
You block the slime creature's attack. The slime creature hits you!
* * * LOW HITPOINT WARNING * * *
You feel better.
The slime creature jiggles.
The slime creature hits you but does no damage.
The slime creature hits you.
* * * LOW HITPOINT WARNING * * *
The slime creature hits you but does no damage.
You feel better. You block the slime creature's attack.
The slime creature hits you but does no damage.
The slime creature hits you!
* * * LOW HITPOINT WARNING * * *
You feel better. The slime creature hits you.
* * * LOW HITPOINT WARNING * * *
The slime creature hits you but does no damage. x2
You pummel the slime creature!!
The slime creature is moderately wounded.
The slime creature hits you.
* * * LOW HITPOINT WARNING * * *
The slime creature hits you but does no damage.
You block the slime creature's attack.
Unknown command.
You feel better. The slime creature hits you!
* * * LOW HITPOINT WARNING * * *
The slime creature hits you but does no damage. x2
Unknown command.
Okay, then.
It was a potion of invisibility.
You fade into invisibility!
The slime creature hits you but does no damage. x3
Unknown command.
It was a potion of attraction.
You feel attractive to monsters.
The slime creature hits you but does no damage. x2
The slime creature hits you!
You die...

#..............#.....######
#.....#+########.....##....
#.....'..............##....
#.....#..............##.<..
#.....#..............##....
#.....#.......##.....##....
#.....#.......##.....######
#.....#........#.....#
#.....#...♣J..##.....#
#.....#...JJ..##.....#
#.....#..............#
#.###.+..............# #.#
#.#.......##.....#.....
#.###.#.......##.....#.....
#.....#..............#.....
#.....'..............#....<
#.....#..............#.....


You could see 3 slime creatures.

Vanquished Creatures
  2 two-headed ogres
  A manticore (D:11)
  2 unseen horrors
  A kobold demonologist (D:9)
  2 komodo dragons
  4 trolls
  2 slime creatures (D:12)
  3 shadows
  4 wyverns
  9 yaks
  A wraith (D:11)
  A warg (D:11)
  6 vampire mosquitoes (D:12)
  A steam dragon (D:6)
  Menkaure (D:7)
  An acid dragon (D:11)
  A water moccasin (D:7)
  2 orc warriors
  2 ogres
  A sky beast (D:6)
  A centaur (D:8)
  A phantom (D:5)
  3 kobold brigands
  A gnoll sergeant (D:12)
  9 bullfrogs
  4 scorpions
  22 wights
  8 killer bees
  4 howler monkeys
  2 bombardier beetles
  2 hounds (D:5)
  2 gnoll boudas
  11 orc priests
  4 jellies
  A sleepcap (D:8)
  5 iguanas
  18 orc wizards
  10 gnolls
  An adder (D:6)
  A white imp (D:6)
  2 dart slugs
  A ribbon worm (D:2)
  45 orcs
  8 ball pythons
  7 bats
  12 endoplasms
  A giant cockroach (D:4)
  5 goblins
  6 hobgoblins
  4 jackals (D:2)
  2 quokkas (D:4)
  2 frilled lizards
  11 kobolds
  9 rats
272 creatures vanquished.

Vanquished Creatures (others)
  An arcanist (D:3)
  A black bear (D:6)
2 creatures vanquished.

Grand Total: 274 creatures vanquished

Notes
Turn   | Place    | Note
-------+----------+-------------------------------------------
     0 | D:1      | olmar the Demonspawn Shapeshifter began the quest for the
                  | Orb.
     0 | D:1      | Reached XP level 1. HP: 15/15 MP: 1/1
   126 | D:1      | Reached skill level 3 in Unarmed Combat
   279 | D:1      | Gained mutation: You sometimes gain a little power by
                  | taking damage. [demonic ancestry]
   279 | D:1      | Reached XP level 2. HP: 21/21 MP: 2/2
  1518 | D:2      | Gained mutation: You sometimes gain power by taking damage.
                  | [demonic ancestry]
  1518 | D:2      | Reached XP level 3. HP: 26/26 MP: 3/3
  1626 | D:2      | Found a blossoming altar of Fedhas.
  2761 | D:3      | Gained mutation: You are partially covered in sharp spines.
                  | [demonic ancestry]
  2761 | D:3      | Reached XP level 4. HP: 28/32 MP: 4/4
  2795 | D:3      | Found a bloodstained altar of Trog.
  2796 | D:3      | Noticed a wizard
  2801 | D:3      | Killed a wizard
  2910 | D:3      | Found a faded altar of an unknown god.
  3079 | D:3      | Found an iron altar of Okawaru.
  3147 | D:4      | Noticed a bullfrog
  3151 | D:4      | Killed a bullfrog
  3152 | D:4      | Reached skill level 4 in Unarmed Combat
  3172 | D:4      | Gained mutation: You are surrounded by a mild repulsion
                  | field. (EV +2) [demonic ancestry]
  3172 | D:4      | Reached XP level 5. HP: 37/37 MP: 5/5
  3181 | D:4      | Found a snail-covered altar of Cheibriados.
  3267 | D:4      | Reached skill level 5 in Unarmed Combat
  3935 | D:5      | Entered Level 5 of the Dungeon
  3962 | D:5      | Gained mutation: You have large cloven feet. [demonic
                  | ancestry]
  3962 | D:5      | Reached XP level 6. HP: 43/43 MP: 6/6
  4195 | D:5      | Reached skill level 6 in Unarmed Combat
  4195 | D:5      | Gained mutation: You have hoof-like feet. [demonic
                  | ancestry]
  4195 | D:5      | Reached XP level 7. HP: 34/49 MP: 7/7
  4811 | D:5      | Reached skill level 1 in Armour
  4943 | D:6      | Reached skill level 7 in Unarmed Combat
  4950 | D:6      | Gained mutation: You have hooves in place of feet. [demonic
                  | ancestry]
  4950 | D:6      | Reached XP level 8. HP: 35/57 MP: 8/8
  5275 | D:6      | Identified the amulet of the Tortured God {Reflect ^Contam
                  | rF++ Regen+ Dex-3 SH+5}
  5302 | D:6      | Reached skill level 8 in Unarmed Combat
  5550 | D:6      | You fall into a shaft and drop 2 floors!
  5580 | D:8      | Reached skill level 9 in Unarmed Combat
  5592 | D:8      | Reached XP level 9. HP: 52/62 MP: 9/9
  5629 | D:8      | Noticed a two-headed ogre
  5637 | D:8      | Killed a two-headed ogre
  5638 | D:8      | Reached skill level 10 in Unarmed Combat
  5641 | D:8      | Found Visuketi's Book Shoppe.
  5768 | D:6      | Found a staircase to the Ecumenical Temple.
  5912 | Temple   | Entered the Ecumenical Temple
  5986 | D:7      | Found a blossoming altar of Fedhas.
  6017 | D:7      | Reached skill level 5 in Dodging
  6023 | D:7      | Reached skill level 5 in Shapeshifting
  6085 | D:7      | Noticed Menkaure
  6091 | D:7      | Killed Menkaure
  6092 | D:7      | Reached skill level 11 in Unarmed Combat
  6121 | D:7      | Gained mutation: You are surrounded by a moderate repulsion
                  | field. (EV +3) [demonic ancestry]
  6121 | D:7      | Reached XP level 10. HP: 70/70 MP: 10/10
  6142 | D:7      | Found a burning altar of Makhleb.
  6142 | D:7      | Found a shimmering altar of Xom.
  6152 | D:7      | Found a hazy altar of Hepliaklqana.
  6152 | D:7      | Found a basalt altar of Yredelemnul.
  6267 | D:7      | Became a worshipper of Makhleb the Destroyer
  6536 | D:7      | Found a sparkling altar of Nemelex Xobeh.
  6536 | D:7      | Found a sacrificial altar of Ru.
  6718 | D:8      | Found a stormy altar of Qazlal.
  6759 | D:8      | Found an opulent altar of Gozag.
  7638 | D:9      | Reached skill level 12 in Unarmed Combat
  7857 | D:9      | Reached * piety under Makhleb
  8578 | D:9      | Found a shadowy altar of Dithmenos.
  8758 | D:10     | Entered Level 10 of the Dungeon
  9088 | D:10     | Reached XP level 11. HP: 67/77 MP: 11/11
  9326 | D:11     | Found a staircase to the Lair.
  9439 | D:11     | Reached ** piety under Makhleb
  9439 | D:11     | Noticed a two-headed ogre
  9453 | D:11     | Killed a two-headed ogre
  9454 | D:11     | Reached skill level 13 in Unarmed Combat
  9459 | D:11     | Found a staircase to the Orcish Mines.
 10830 | D:12     | Got the Almanac of Galvanic Beckoning
 10990 | D:12     | Reached skill level 14 in Unarmed Combat
 11005 | D:12     | Slain by a slime creature

Illustrated notes

Levels and vault maps discovered:
D:1:      sevenhm_arrival_forest_fort_large_2, layout_basic, dk_noncrumbling_2,
          roderic_serpentine_path, grunt_decor_clamped
D:2:      layout_loops_ring, basic_altar, wander_ebering_terrifying_dragon_lair
D:3:      layout_rooms, trog_wizard, mainiacjoe_overflow_alcove_4,
          serial_co_window_serial, co_window_corner_a, co_window_paths_b,
          co_window_paths_a, co_window_paths_b, co_window_paths_b,
          co_window_corner_a, co_window_corner_a, co_window_broadway_a,
          co_window_paths_c, co_window_unsneaky_path_b, co_window_4corner_b,
          shapermc_ecumenical_altar_mp_ritualfount,
          minmay_misc_feat_four_crosses, minmay_misc_feat_enclosed
D:4:      layout_loops_cross, old_standard_altar
D:5:      layout_loops_cross
D:6:      cheibrodos_helix_gallery, layout_cave_pools,
          minmay_temple_entry_stoned_glass, st_stairs_7,
          eino_small_chamber_without_monster, minmay_liquid_box
D:7:      layout_basic, mainiacjoe_overflow_boulevard,
          grunt_temple_overflow_open, gammafunk_temple_overflow_pools,
          uniq_menkaure
D:8:      layout_rooms, nicolae_tso_swordbearing_angel,
          nicolae_gozag_seed_capital, nicolae_qazlal_general_emergency,
          serial_shops, nicolae_stop_n_shop_1
D:9:      layout_grid_maze, general_overflow_altar
D:10:     layout_basic
D:11:     layout_loops_corners, lair_entry_dummy, erik_orc_3
D:12:     layout_stronghold, grunt_decor_resistance
Temple:   hellmonk_temple_forest_ring

Skill      XL: |  1  2  3  4  5  6  7  8  9 10 11 |
---------------+----------------------------------+-----
Unarmed Combat | 3 4 5 6 7 9 11 12 14 | 14.0
Dodging        | 2 3 4 5 6 |  6.9
Shapeshifting  | 3 4 5 6 |  6.5
Fighting       | 2 3 4 |  4.7
Armour         | 1 |  1.0
Shields        | |  0.1

Action                     |  1- 3 |  4- 6 |  7- 9 | 10-12 || total
---------------------------+-------+-------+-------+-------++-------
  Melee: Unarmed           |   143 |    62 |   186 |   266 ||   657
         Punch             |     3 |     1 |     9 |    21 ||    34
         Kick              |       |     9 |    66 |    73 ||   148
  Throw: Dart              |       |     2 |     1 |     6 ||     9
  Evoke: Wand              |       |     3 |     5 |     7 ||    15
    Use: Scroll            |       |     5 |     1 |     1 ||     7
         Potion            |       |     2 |       |     8 ||    10
   Stab: Paralysed         |       |       |       |     1 ||     1
 Armour: Animal skin       |    70 |     6 |       |       ||    76
         Skin              |       |    34 |       |    37 ||    71
         Leather armour    |       |     8 |    62 |   119 ||   189
  Dodge: Dodged            |    86 |    24 |   101 |   165 ||   376
  Block: Other             |       |       |    18 |    59 ||    77
         Reflection        |       |       |     1 |       ||     1
